 Dungeon Crawl Stone Soup version 0.20.1 (console) character file.

1054 bli the Conjurer (level 8, -5/61 HPs)
             Began as a Pale Draconian Conjurer on July 2, 2017.
             Slain by a killer bee (7 damage)
             ... on level 5 of the Dungeon.
             The game lasted 00:22:22 (3828 turns).

bli the Conjurer (Pale Draconian Conjurer)          Turns: 3828, Time: 00:22:23

Health: -5/61      AC:  7    Str: 11    XL:     8   Next: 5%
Magic:  6/17       EV: 13    Int: 16    God:
Gold:   344        SH:  0    Dex: 13    Spells: 16/19 levels left

rFire    . . .     SeeInvis .   a - +2 hand axe (elec)
rCold    . . .     Gourm    .   (no shield)
rNeg     . . .     Faith    .   (armour unavailable)
rPois    .         Spirit   .   (helmet restricted)
rElec    .         Reflect  .   (no cloak)
rCorr    .         Harm     .   v - +0 pair of gloves
MR       .....                  (no boots)
Stlth    ++........             (no amulet)
Regen    0.2/turn               (no ring)
MPRegen  0.2/turn               (no ring)

@: lethally poisoned (-5 -> -39)
A: breathe steam, unfitting armour, cold-blooded, AC +6
a: Breathe Steam


You were on level 5 of the Dungeon.
You were not hungry.

You visited 1 branch of the dungeon, and saw 5 of its levels.

You collected 344 gold pieces.

Inventory:

Hand Weapons
 a - a +2 hand axe of electrocution (weapon)
 j - a +1 vampiric short sword
 y - a cursed -2 flail
Missiles
 e - 202 stones (quivered)
 k - 6 tomahawks of returning
Armour
 v - a +0 pair of gloves (worn)
Jewellery
 c - an uncursed amulet of guardian spirit
Wands
 s - a wand of random effects (29/48)
 t - a wand of flame (16/48)
Scrolls
 h - 3 scrolls of identify {unknown}
 i - a scroll of enchant armour {unknown}
 l - a scroll of teleportation {unknown}
 p - a scroll of magic mapping {unknown}
 q - 2 scrolls of remove curse {unknown}
 x - a scroll of random uselessness {unknown}
Potions
 d - a potion of magic {unknown}
 f - a potion of mutation {unknown}
 g - 4 potions of might {unknown}
 m - 2 potions of heal wounds
 r - a potion of lignification {unknown}
 u - 3 potions of curing {unknown}
 w - a potion of flight {unknown}
 z - a potion of cancellation {unknown}
Books
 n - a book of Conjurations

   Spells                             Type                      Level
   a - Magic Dart                     Conjuration                  1
   b - Searing Ray                    Conjuration                  2
   c - Dazzling Spray                 Conjuration/Hexes            3
   d - Fulminant Prism                Conjuration/Hexes            4
   e - Force Lance                    Conjuration/Translocation    4
   f - Iskenderun's Mystic Blast      Conjuration                  4
Comestibles
 b - 4 bread rations
 o - 3 fruits
 A - 2 mutagenic chunks of flesh


   Skills:
 + Level 2.2 Fighting
 + Level 2.6 Axes
 + Level 2.9 Dodging
 + Level 2.1 Stealth
 * Level 6.2 Spellcasting
 + Level 6.2 Conjurations


You had 16 spell levels left.
You knew the following spells:

 Your Spells              Type           Power        Failure   Level  Hunger
a - Magic Dart            Conj           ####         1%          1    None
r - Searing Ray           Conj           ####..       1%          2    None


Dungeon Overview and Level Annotations

Branches:
Dungeon (5/15)
 Temple: D:4-7

Altars:
Dithmenos
Gozag
Nemelex Xobeh
Okawaru
Zin

Shops:
D:4 %


Innate Abilities, Weirdness & Mutations

You can breathe blasts of scalding, opaque steam.
Your pale cyan-grey scales are hard. (AC +6)
You cannot fit into any form of body armour.
You are cold-blooded and may be slowed by cold attacks.


Message History

The killer bee stings you but does no damage.
The killer bee completely misses you. The killer bee misses you.
The killer bee stings you but does no damage.
The searing ray hits the killer bee.
The killer bee is almost dead.
You feel very sick. The killer bee stings you! The killer bee stings you.
* * * LOW HITPOINT WARNING * * *
The killer bee stings you.
* * * LOW HITPOINT WARNING * * *
The killer bee closely misses you. The killer bee barely misses you. x2
The searing ray hits the killer bee.
You kill the killer bee!
You finish channeling your searing ray.
* * * LOW HITPOINT WARNING * * *
You feel very sick. The killer bee barely misses you.
The killer bee closely misses you. The killer bee stings you!
* * * LOW HITPOINT WARNING * * *
The killer bee stings you!
You die...

#.###.##..............
#............#........
.#.#####....._........##.
...........#...........##.
#.#.####..................
#... #.#....#...........
#....###.#...##.......(...
.........#....# .
##......##....# .
#.......yy#.##....
#.......@†.....#
........####†####
#.......# .# ..#.##### y#
#..( .y .. .. ... ...


You could see 2 killer bees.

Vanquished Creatures
  A sky beast (D:5)
  A phantom (D:4)
  A necrophage (D:5)
  An ogre (D:4)
  A centaur (D:4)
  A wyvern skeleton (D:4)
  4 killer bees (D:5)
  2 orc priests (D:3)
  An iguana (D:4)
  3 worker ants (D:4)
  2 orc wizards (D:5)
  4 adders
  4 gnolls (D:3)
  2 oozes (D:2)
  A worm (D:4)
  A dart slug (D:4)
  3 leopard geckos (D:2)
  16 orcs
  A ball python (D:2)
  5 bats
  9 giant cockroaches
  5 goblins
  2 hobgoblins (D:3)
  8 jackals
  5 kobolds
  2 quokkas (D:3)
  7 frilled lizards
  A leopard gecko skeleton (D:5)
  2 quokka skeletons (D:4)
  A quokka zombie (D:5)
  3 rats
100 creatures vanquished.

Notes
Turn   | Place    | Note
-------+----------+-------------------------------------------
     0 | D:1      | bli the Draconian Conjurer began the quest for the Orb.
     0 | D:1      | Reached XP level 1. HP: 14/14 MP: 3/3
   213 | D:1      | Reached XP level 2. HP: 17/20 MP: 1/5
   627 | D:2      | Found a sparkling altar of Nemelex Xobeh.
   739 | D:2      | Learned a level 2 spell: Searing Ray
   801 | D:2      | Reached XP level 3. HP: 17/26 MP: 0/6
   951 | D:2      | Found a shadowy altar of Dithmenos.
  1286 | D:2      | Reached XP level 4. HP: 33/33 MP: 4/8
  1490 | D:3      | Reached skill level 5 in Conjurations
  1580 | D:3      | Reached skill level 1 in Fighting
  1723 | D:3      | Reached XP level 5. HP: 25/40 MP: 2/10
  1853 | D:3      | Reached skill level 1 in Axes
  2140 | D:3      | Found an iron altar of Okawaru.
  2293 | D:4      | Noticed an ogre
  2312 | D:4      | Killed an ogre
  2312 | D:4      | Reached XP level 6. HP: 47/47 MP: 1/12
  2673 | D:4      | Your scales start taking on a pale cyan-grey colour.
  2673 | D:4      | Reached XP level 7. HP: 53/53 MP: 4/14
  2894 | D:4      | Found Bacwuc's Food Shoppe.
  3045 | D:4      | Reached skill level 5 in Spellcasting
  3472 | D:5      | Entered Level 5 of the Dungeon
  3593 | D:5      | Found a glowing silver altar of Zin.
  3767 | D:5      | Found an opulent altar of Gozag.
  3825 | D:5      | Reached XP level 8. HP: 38/61 MP: 8/17
  3828 | D:5      | HP: 2/61 [killer bee (10)]
  3828 | D:5      | Slain by a killer bee

Skill      XL: |  1  2  3  4  5  6  7 |
---------------+----------------------+-----
Dodging        | 2 |  2.9
Spellcasting   | 3 4 6 |  6.2
Conjurations   | 5 6 |  6.2
Fighting       | 1 2 |  2.2
Axes           | 1 2 |  2.6
Stealth        | 2 |  2.1

Action                   |  1- 3 |  4- 6 |  7- 9 || total
-------------------------+-------+-------+-------++-------
Melee: Unarmed           |    19 |       |       ||    19
       Tailslap          |     4 |     7 |     3 ||    14
       Hand axe          |     8 |    50 |    28 ||    86
 Cast: Magic Dart        |    64 |    96 |    28 ||   188
       Searing Ray       |       |     5 |     6 ||    11
  Use: Potion            |       |       |     3 ||     3
  Eat: Chunk             |     2 |     5 |     3 ||    10
Armor: Skin              |     8 |    16 |    26 ||    50
Dodge: Dodged            |    17 |    46 |    56 ||   119
